 Dungeon Crawl Stone Soup version 0.29-a0-330-g52719c12eb (webtiles) character file.

Game seed: 6001822801473909769

221 Crownlay the Ruffian (level 5, 0/50 HPs)
             Began as a Troll Warper on Apr 24, 2022.
             Slain by a gnoll
             ... wielding a +0 halberd
              (10 damage)
             ... on level 4 of the Dungeon.
             The game lasted 00:03:57 (2548 turns).

Crownlay the Ruffian (Troll Warper)                 Turns: 2548, Time: 00:03:57

Health: 0/50       AC:  4    Str: 19    XL:     5   Next: 65%
Magic:  6/7        EV:  9    Int: 11    God:
Gold:   157        SH:  0    Dex:  9    Spells: 8/8 levels left

rFire   . . .      SeeInvis .     - Unarmed
rCold   . . .      Faith    .   (no shield)
rNeg    . . .      Spirit   .   a - +0 robe
rPois   .          Reflect  .   (helmet restricted)
rElec   .          Harm     .   (no cloak)
rCorr   .          Rampage  .   (gloves unavailable)
Will    .....                   (boots unavailable)
Stlth   +.........              (no amulet)
HPRegen 0.96/turn               (no ring)
MPRegen 0.10/turn               (no ring)

@: no status effects
A: large, unfitting armour, claws 3, regeneration 1, shaggy fur 1, tough skin 1
a: no special abilities


You were on level 4 of the Dungeon.
You visited 1 branch of the dungeon, and saw 4 of its levels.

You collected 157 gold pieces.

Inventory:

Missiles
 c - 7 boomerangs of dispersal (quivered)
Armour
 a - a +0 robe (worn)
Jewellery
 p - a ring of wizardry
Wands
 h - a wand of acid (6)
 m - a wand of iceblast (12)
Scrolls
 b - 2 scrolls of blinking
 d - 2 scrolls of amnesia {unknown}
 e - 2 scrolls of immolation {unknown}
 g - 2 scrolls of identify {unknown}
 j - 3 scrolls of vulnerability
 k - a scroll of magic mapping {unknown}
 o - a scroll of teleportation {unknown}
Potions
 f - 3 potions of curing {unknown}
 i - a potion of cancellation {unknown}
 l - a potion of heal wounds {unknown}
 n - a potion of degeneration {unknown}


   Skills:
 + Level 2.5 Fighting
 - Level 0.8 Throwing
 - Level 1.9 Dodging
 * Level 4.0 Unarmed Combat
 + Level 2.0 Spellcasting
 + Level 2.9 Translocations


You had 8 spell levels left.
You didn't know any spells.
Your spell library contained the following spells:

 Spells                   Type           Power      Damage    Failure   Level
 Blink                    Tloc           14%        N/A       13%         2
 Gell's Gravitas          Tloc           7%         N/A       26%         3
 Lesser Beckoning         Tloc           7%         N/A       26%         3
 Teleport Other           Tloc           7%         N/A       26%         3
 Animate Skeleton         Necr           2%         N/A       28%         1
 Magic Dart               Conj           4%         1d3       28%         1
 Pain                     Necr           4%         1d4       28%         1
 Call Imp                 Summ           1%         N/A       41%         2
 Inner Flame              Hex/Fire       1%         N/A       65%         3
 Mephitic Cloud           Conj/Pois/Air  1%         N/A       65%         3
 Vampiric Draining        Necr           1%         2d6       65%         3
 Manifold Assault         Tloc           7%         N/A       94%         5
 Cause Fear               Hex            0%         N/A       96%         4
 Fireball                 Conj/Fire      0%         3d3       100%        5
 Starburst                Conj/Fire      0%         6d3       100%        6
 Discord                  Hex            0%         N/A       100%        8
 Ignition                 Fire           0%         3d3       100%        8


Dungeon Overview and Level Annotations

Branches:
Dungeon (4/15)
 Temple: D:4-7

Altars:


Innate Abilities, Weirdness & Mutations

You are too large for most types of armour.
You have claws for hands.
Your natural rate of healing is unusually fast.
You are covered in fur. (AC +1)
You have tough skin. (AC +1)


Message History

You now have 146 gold pieces (gained 8).
Found a whip.
You see here a +0 whip.
You now have 157 gold pieces (gained 11).
A gnoll comes into view. It is wielding a +0 flail.
Found an Everburning Encyclopedia.
The gnoll shouts!
You hear a shout!
A gnoll shaman comes into view. It is wielding a +0 whip.
The gnoll shaman calls upon its god to speed up the gnoll.
The gnoll seems to speed up.
You claw the gnoll!
You kill the gnoll!
Things that are here:
a +0 flail; a gnoll corpse A gnoll comes into view.
It is wielding a +0 halberd.
The gnoll shaman hits you with a +0 whip.
You claw the gnoll shaman!
The gnoll shaman is moderately wounded.
The gnoll shaman hits you with a +0 whip!
You claw the gnoll shaman! Your claw misses the gnoll shaman.
The gnoll shaman is severely wounded.
The gnoll shaman calls upon its god to speed up the gnoll.
The gnoll seems to speed up.
You claw the gnoll shaman!
You kill the gnoll shaman!
Your Unarmed Combat skill increases to level 4!
Your Spellcasting skill increases to level 2!
The gnoll hits you from afar with a +0 halberd.
Things that are here:
a +0 whip; a +0 leather armour The gnoll hits you but does no damage.
The gnoll hits you with a +0 halberd!
You claw the gnoll!
The gnoll is almost dead.
The gnoll hits you with a +0 halberd!
You closely miss the gnoll.
The gnoll is almost dead.
The gnoll hits you with a +0 halberd!
* * * LOW HITPOINT WARNING * * *
The gnoll hits you with a +0 halberd!
You die...

#.....# : ###.### .## #.#
..# #.# # #.# #.# ## ##.#
#†### ##. ##..# #.#.## ##..
####...##########....####...
+.........g@).).............
####...#########.#...####...
##..# #.##.## ##.. ##.#
#.#### ##. #.# #.# ## #g#
#.######### # #.#
#.#.......# #g# #.#.#####.#
#.# #.#.#####.###


You could see a gnoll (fast).

Vanquished Creatures
  A jelly (D:4)
  A gnoll shaman (D:4)
  An iguana (D:4)
  4 gnolls
  4 adders
  A worm (D:2)
  A dart slug (D:4)
  4 orcs (D:3)
  6 endoplasms
  2 giant cockroaches
  5 goblins
  6 hobgoblins
  2 kobolds (D:3)
  2 quokkas
  2 ball pythons
  5 bats
  2 frilled lizards
  2 rats
  A spectral goblin (D:1)
52 creatures vanquished.

Notes
Turn   | Place    | Note
-------+----------+-------------------------------------------
     0 | D:1      | Crownlay the Troll Warper began the quest for the Orb.
     0 | D:1      | Reached XP level 1. HP: 19/19 MP: 1/1
   174 | D:1      | Reached XP level 2. HP: 28/28 MP: 3/3
   185 | D:1      | Found a faded altar of an unknown god.
   901 | D:2      | Reached XP level 3. HP: 25/35 MP: 4/4
  1334 | D:2      | Reached skill level 3 in Unarmed Combat
  1761 | D:3      | Reached XP level 4. HP: 28/42 MP: 5/5
  2378 | D:4      | Reached XP level 5. HP: 38/50 MP: 6/6
  2545 | D:4      | Reached skill level 4 in Unarmed Combat
  2548 | D:4      | Slain by a gnoll

Illustrated notes

Levels and vault maps discovered:
D:1:      dpeg_arrival_long_road, layout_basic,
          dreamdust_ecumenical_altar_drowned_temple, minmay_misc_feat_roman
D:2:      layout_basic
D:3:      layout_loops_ring
D:4:      layout_loops_corners, uniq_robin, uniq_menkaure

Skill      XL: |  1  2  3  4  5 |
---------------+----------------+-----
Fighting       | 2 |  2.5
Unarmed Combat | 3 4 |  4.0
Spellcasting   | 2 |  2.0
Throwing       | |  0.8
Dodging        | |  1.9
Translocations | |  2.9

Action                   |  1- 3 |  4- 6 || total
-------------------------+-------+-------++-------
Melee: Unarmed           |   113 |    61 ||   174
       Punch             |     1 |       ||     1
  Use: Scroll            |       |     1 ||     1
Armor: Robe              |    38 |    10 ||    48
Dodge: Dodged            |    53 |    24 ||    77

Table legend: (Time is in decaauts)
 A = Elapsed time spent in this place.
 B = Non-inter-level travel time spent in this place.
 C = Inter-level travel time spent in this place.
 D = Time resting spent in this place.
 E = Time spent auto-exploring this place.
 F = Levels seen in this place.
 G = Mean time per level.
                   A        B        C        D        E       F      G
               +--------+--------+--------+--------+--------+-----+--------+
         Total |   2549 |   2389 |    160 |      0 |   1976 |   4 |  637.2 |
       Dungeon |   2549 |   2389 |    160 |      0 |   1976 |   4 |  637.2 |
               +--------+--------+--------+--------+--------+-----+--------+

Top non-repeatable levels by time:
     D:2: 863 daAuts
     D:1: 830 daAuts
     D:3: 667 daAuts
     D:4: 187 daAuts
